 Dungeon Crawl Stone Soup version 0.20-b1 (webtiles) character file.

266 MTVSty1e the Skirmisher (level 6, -2/56 HPs)
             Began as a Minotaur Fighter on May 19, 2017.
             Slain by a gnoll
             ... wielding a +0 halberd
              (14 damage)
             ... on level 4 of the Dungeon.
             The game lasted 00:05:17 (2628 turns).

MTVSty1e the Skirmisher (Minotaur Fighter)          Turns: 2628, Time: 00:05:18

Health: -2/56      AC:  7    Str: 22    XL:     6   Next: 0%
Magic:  5/5        EV:  8    Int:  5    God:
Gold:   267        SH: 10    Dex: 10    Spells: 5/5 levels left

rFire    . . .     SeeInvis .   a - +0 war axe
rCold    . . .     Gourm    .   c - +0 shield
rNeg     . . .     Faith    .   b - +0 scale mail
rPois    .         Spirit   .   (helmet restricted)
rElec    .         Reflect  .   (no cloak)
rCorr    .         Harm     .   (no gloves)
MR       .....                  (no boots)
Stlth    ..........             (no amulet)
Regen    0.2/turn               i - ring of flight
MPRegen  0.1/turn               (no ring)

@: no status effects
A: retaliatory headbutt, horns 2
a: Evoke Flight


You were on level 4 of the Dungeon.
You were not hungry.

You visited 1 branch of the dungeon, and saw 4 of its levels.

You collected 267 gold pieces.

Inventory:

Hand Weapons
 a - a +0 war axe (weapon)
Armour
 b - a +0 scale mail (worn)
 c - a +0 shield (worn)
Jewellery
 i - a ring of flight (left hand)
 p - a +2 ring of evasion {unknown}
Scrolls
 d - a scroll of enchant armour {unknown}
 e - a scroll of magic mapping {unknown}
 g - 6 scrolls of identify {unknown}
 h - 8 scrolls of teleportation {unknown}
 j - a scroll of noise {unknown}
 l - 3 scrolls of enchant weapon {unknown}
 m - a scroll of blinking {unknown}
 n - 2 scrolls of remove curse {unknown}
Potions
 k - a potion of degeneration {unknown}
 o - a potion of experience {unknown}
 q - a potion of ambrosia {unknown}
Comestibles
 f - a bread ration
 r - a royal jelly


   Skills:
 * Level 5.5 Fighting
 + Level 3.5 Axes
 + Level 4.7 Armour
 + Level 2.2 Dodging
 + Level 4.8 Shields


You had 5 spell levels left.
You didn't know any spells.

Dungeon Overview and Level Annotations

Branches:
Dungeon (4/15)
 Temple: D:4-7

Altars:
Cheibriados
Nemelex Xobeh
Qazlal
Ru


Innate Abilities, Weirdness & Mutations

You reflexively headbutt those who attack you in melee.
You have a pair of horns on your head.


Message History

You slash the gnoll!
You kill the gnoll!
You have reached level 6!
Your experience leads to an increase in your attributes!
Increase (S)trength, (I)ntelligence, or (D)exterity?
You feel stronger.
You barely miss the gnoll. The gnoll closely misses you. The gnoll hits you.
You are too injured to fight recklessly!
You are too injured to fight recklessly!
You are too injured to fight recklessly!
You are too injured to fight recklessly!
The gnoll hits you with a halberd!
* * * LOW HITPOINT WARNING * * *
The gnoll hits you.
* * * LOW HITPOINT WARNING * * *
You closely miss the gnoll. You slash the gnoll! You block the gnoll's attack.
The gnoll hits you.
* * * LOW HITPOINT WARNING * * *
The gnoll hits you with a halberd!
You die...

#.............#.....##.......#.
#.............#.....##.......##
#.............+......#.......#.
#.............#......'.......#.
#.............#.....##.......#.
#......########.....##.....####
#......#....#.......##.....#...
#......#....#g)......#.....#...
#......'....#.@g.....#.....#...
#......#....'........'.....#...
#.†....##.(#####'#####...###...
###'#####..###.......###'#.....
#......#.....#.......#...#.....
#......#.....#.......#...#.....
#.....<#.....#<......#...#.....
#......'>....#.......#...#.....
#......##....#.......#####.....


You could see 2 gnolls.

Vanquished Creatures
  A bullfrog (D:2)
  A hound skeleton (D:4)
  A gnoll (D:4)
  7 adders
  2 oozes
  A worm (D:2)
  3 dart slugs (D:1)
  5 leopard geckos
  10 orcs
  4 giant cockroaches
  9 goblins
  3 hobgoblins (D:1)
  9 jackals
  5 kobolds
  2 quokkas (D:3)
  2 ball pythons
  10 bats
  10 frilled lizards
  A quokka skeleton (D:4)
  3 rats
89 creatures vanquished.

Notes
Turn   | Place    | Note
-------+----------+-------------------------------------------
     0 | D:1      | MTVSty1e the Minotaur Fighter began the quest for the Orb.
     0 | D:1      | Reached XP level 1. HP: 19/19 MP: 0/0
    87 | D:1      | Reached XP level 2. HP: 23/27 MP: 1/1
    93 | D:1      | Reached skill level 1 in Dodging
   291 | D:1      | Reached skill level 4 in Fighting
   430 | D:1      | Reached XP level 3. HP: 33/33 MP: 2/2
   904 | D:2      | Found a sacrificial altar of Ru.
   906 | D:2      | Found a stormy altar of Qazlal.
   909 | D:2      | Noticed a bullfrog
   926 | D:2      | Found a snail-covered altar of Cheibriados.
   934 | D:2      | Killed a bullfrog
   934 | D:2      | Reached XP level 4. HP: 22/41 MP: 3/3
  1235 | D:2      | Reached skill level 5 in Fighting
  1235 | D:2      | Reached XP level 5. HP: 48/48 MP: 4/4
  1496 | D:2      | Found a sparkling altar of Nemelex Xobeh.
  2626 | D:4      | Reached XP level 6. HP: 31/56 MP: 5/5
  2628 | D:4      | Slain by a gnoll

Skill      XL: |  1  2  3  4  5 |
---------------+----------------+-----
Dodging        | 1 2 |  2.2
Fighting       | 4 5 |  5.5
Armour         | 4 |  4.7
Shields        | 4 |  4.8
Axes           | 3 |  3.5

Action                   |  1- 3 |  4- 6 || total
-------------------------+-------+-------++-------
Melee: War axe           |    72 |   125 ||   197
       Headbutt          |    10 |    19 ||    29
  Use: Potion            |     1 |       ||     1
  Eat: Bread ration      |       |     1 ||     1
       Meat ration       |       |     1 ||     1
Armor: Scale mail        |    37 |    52 ||    89
Dodge: Dodged            |    18 |    39 ||    57
Block: Shield            |    45 |    87 ||   132
